 Dungeon Crawl Stone Soup version 0.25.1-2-g60ff931df9 (webtiles) character file.

Game seed: 17009987536954764788

253 DildoBatman the Conjurer (level 6, 0/41 HPs)
             Began as a Formicid Wizard on Nov 3, 2020.
             Succumbed to a worker ant's poison
             ... on level 4 of the Dungeon.
             The game lasted 00:13:00 (4596 turns).

DildoBatman the Conjurer (Formicid Wizard)          Turns: 4596, Time: 00:13:01

Health: 0/41       AC:  2    Str: 12    XL:     6   Next: 37%
Magic:  0/10       EV: 12    Int: 19    God:
Gold:   144        SH:  0    Dex:  9    Spells: 4/11 levels left

rFire    + . .     SeeInvis +   b - +1 whip (drain)
rCold    x . .     Gourm    .   (no shield)
rNeg     . . .     Faith    .   p - +0 robe
rPois    .         Spirit   .   (helmet unavailable)
rElec    .         Reflect  .   (no cloak)
rCorr    .         Harm     .   (no gloves)
MR       .....                  (no boots)
Stlth    ++........             (no amulet)
HPRegen  0.13/turn              d - ring of fire
MPRegen  0.12/turn              (no ring)

@: lethally poisoned (0 -> -5), invisible
A: permanent stasis, dig shafts and tunnels, four strong arms, antennae 3
a: Dig, Shaft Self


You were on level 4 of the Dungeon.
You were hungry.

You visited 1 branch of the dungeon, and saw 4 of its levels.

You collected 144 gold pieces.

Inventory:

Hand Weapons
 a - a +0 hunting sling
 b - a +1 whip of draining (weapon)
Missiles
 e - 154 stones (quivered)
 j - 2 throwing nets
 o - 59 sling bullets
 t - 8 boomerangs
 u - 17 arrows
Armour
 p - a +0 robe (worn)
Jewellery
 d - a ring of fire (left hand)
Scrolls
 c - a scroll of teleportation
 g - a scroll of amnesia
 k - a scroll of random uselessness
 q - a scroll of fog
 w - a scroll of fear
 x - 2 scrolls of remove curse
Potions
 f - a potion of flight {unknown}
 h - 2 potions of might {unknown}
 i - a potion of brilliance {unknown}
 l - a potion of curing {unknown}
 m - 2 potions of invisibility
 n - a potion of stabbing {unknown}
 r - a potion of haste {unknown}
Comestibles
 v - 5 rations


   Skills:
 - Level 1.7 Dodging
 - Level 2.4 Stealth
 - Level 3.2 Spellcasting
 * Level 5.3 Conjurations
   Level 1.0 Summonings
   Level 0.8 Translocations
 * Level 0.2 Fire Magic
 * Level 0.1 Air Magic
 * Level 0.5 Poison Magic


You had 4 spell levels left.
You knew the following spells:

 Your Spells              Type           Power        Failure   Level  Hunger
a - Conjure Flame         Conj/Fire      ###.....     14%         3    ###....
c - Magic Dart            Conj           ###.         1%          1    None
e - Mephitic Cloud        Conj/Pois/Air  ##......     21%         3    ###....

Your spell library contained the following spells:

 Spells                   Type           Power        Failure   Level  Hunger
 Call Imp                 Summ           #.......     16%         2    ##.....
 Slow                     Hex            #.......     22%         2    ##.....
 Blink                    Tloc           Unusable     N/A         2    N/A

Dungeon Overview and Level Annotations

Branches:
Dungeon (4/15)
 Temple: D:4-7

Altars:
Elyvilon

Annotations:
D:1 Natasha
D:2 1 runed translucent door, 1 exclusion, Crazy Yiuf
D:4 exclusion: ogre


Innate Abilities, Weirdness & Mutations

You cannot be hasted, slowed, berserked, paralysed or teleported.
You can dig through walls and to a lower floor.
Your four strong arms can wield two-handed weapons with a shield.
You have a pair of large antennae on your head. (SInv)


Message History

The worker ant is severely wounded.
The worker ant closely misses you.
You closely miss the worker ant.
The worker ant is severely wounded.
The worker ant bites you!
You are poisoned.
The worker ant poisons you! The worker ant misses you.
Casting: Magic Dart (safe; 1% risk of failure)
Confirm with . or Enter, or press ? or * to list all spells.
Aiming: Magic Dart (safe; 1% risk of failure)
Press: ? - help, Shift-Dir - straight line, f/p - worker ant
Aim: a worker ant (severely wounded)
The magic dart hits the worker ant.
The worker ant is almost dead.
You feel sick. The worker ant bites you.
It was a potion of invisibility.
You fade into invisibility!
You die...

###### #≈≈≈.##
{+≈≈...# {
#≈.≈.@# #+#≈≈..a#
≈≈≈≈≈≈...########
≈≈≈≈≈...........#
.≈.....†.########
.........#####
####
########.....###
##..# ##......##
#...## ##....#.#
#.#...


You could see a worker ant.

Vanquished Creatures
  A scorpion (D:4)
  A worker ant (D:4)
  5 adders
  2 river rats (D:4)
  4 oozes
  4 worms
  4 leopard geckos
  5 orcs
  2 ball pythons
  5 giant cockroaches
  8 goblins
  14 hobgoblins
  3 jackals (D:1)
  2 quokkas (D:2)
  5 bats
  3 frilled lizards
  8 kobolds
  7 rats
83 creatures vanquished.

Notes
Turn   | Place    | Note
-------+----------+-------------------------------------------
     0 | D:1      | DildoBatman the Formicid Wizard began the quest for the
                  | Orb.
     0 | D:1      | Reached XP level 1. HP: 13/13 MP: 4/4
   216 | D:1      | Reached skill level 1 in Conjurations
   405 | D:1      | Reached XP level 2. HP: 7/19 MP: 0/6
   470 | D:1      | Reached skill level 2 in Conjurations
   839 | D:1      | Reached XP level 3. HP: 24/24 MP: 4/7
  1590 | D:2      | Reached skill level 3 in Conjurations
  1715 | D:2      | Reached XP level 4. HP: 19/30 MP: 0/8
  2223 | D:2      | Found a runed translucent door.
  2224 | D:2      | Noticed Crazy Yiuf
  2346 | D:2      | Noticed Natasha
  2390 | D:2      | Learned a level 3 spell: Mephitic Cloud
  2394 | D:2      | Learned a level 3 spell: Conjure Flame
  3132 | D:3      | Reached skill level 4 in Conjurations
  3132 | D:3      | Reached XP level 5. HP: 35/35 MP: 6/9
  3240 | D:3      | Found a white marble altar of Elyvilon.
  4153 | D:4      | Noticed an ogre
  4502 | D:4      | Reached skill level 5 in Conjurations
  4502 | D:4      | Reached XP level 6. HP: 21/41 MP: 7/10
  4595 | D:4      | HP: 1/41 [worker ant (6)]
  4596 | D:4      | Succumbed to a worker ant's poison

Illustrated notes

Levels and vault maps discovered:
D:1:      dpeg_arrival_snail, layout_basic, serial_curves, eino_curves_01,
          eino_curves_03, eino_curves_02, eino_curves_01
D:2:      layout_loops_corners, first_ration, guppyfry_early_orc_mine,
          uniq_jessica, uniq_crazy_yiuf_cottage, uniq_natasha
D:3:      layout_basic, elyvilon_altar_5
D:4:      layout_cave_pools, portal_sewer_entry_e, kennysheep_cross_room

Skill      XL: |  1  2  3  4  5 |
---------------+----------------+-----
Conjurations   | 1 2 3 4 5 |  5.3
Dodging        | |  1.7
Stealth        | |  2.4
Spellcasting   | |  3.2
Summonings     | |  1.0
Translocations | |  0.8
Fire Magic     | |  0.2
Air Magic      | |  0.1
Poison Magic   | |  0.5

Action                   |  1- 3 |  4- 6 || total
-------------------------+-------+-------++-------
Melee: Short sword       |    17 |     5 ||    22
       Falchion          |       |    31 ||    31
       Whip              |       |    61 ||    61
 Fire: Hunting sling     |       |     6 ||     6
Throw: Stone             |     5 |    12 ||    17
 Cast: Magic Dart        |    91 |   108 ||   199
       Mephitic Cloud    |       |     7 ||     7
 Abil: Dig               |     5 |     5 ||    10
  Use: Scroll            |       |     7 ||     7
       Potion            |       |     1 ||     1
 Stab: Sleeping          |       |     4 ||     4
       Confused          |       |     1 ||     1
  Eat: Chunk             |     3 |    11 ||    14
Armor: Robe              |    11 |    18 ||    29
Dodge: Dodged            |    40 |    95 ||   135
       Rpst.: Falchion   |       |     8 ||     8
